 Dungeon Crawl Stone Soup version 0.29.1-2-gbd0b4ee654 (webtiles) character file.

Game seed: 12485999110920054106

108 qeuew the Sneak (level 4, -2/30 HPs)
             Began as an Octopode Brigand on Nov 15, 2022.
             Slain by a hound (3 damage)
             ... on level 5 of the Dungeon.
             The game lasted 00:03:33 (2380 turns).

qeuew the Sneak (Octopode Brigand)                  Turns: 2380, Time: 00:03:34

Health: -2/30      AC:  1    Str:  8 (10) XL:     4   Next: 87%
Magic:  4/4        EV:  9    Int: 12 (13) God:
Gold:   131        SH: 19    Dex: 14 (15) Spells: 3/3 levels left

rFire   . . .      SeeInvis .   a - +2 dagger (vorpal)
rCold   . . .      Faith    .   d - +3 tower shield
rNeg    . . .      Spirit   .   (helmet restricted)
rPois   .          Reflect  +   k - amulet of reflection
rElec   .          Harm     .   (no ring)
rCorr   .          Rampage  .   (no ring)
Will    .....                   (no ring)
Stlth   ++++......              (no ring)
HPRegen 0.10/turn               (no ring)
MPRegen 0.09/turn               (no ring)
                                (no ring)
                                (no ring)

@: mighty
A: almost no armour, amphibious, 8 rings, camouflage 1, gelatinous body 1,
(nimble swimmer 1), tentacles
a: no special abilities


You were on level 5 of the Dungeon.
You visited 1 branch of the dungeon, and saw 6 of its levels.

You collected 131 gold pieces.

Inventory:

Hand Weapons
 a - a +2 vorpal dagger (weapon)
Missiles
 b - 9 poisoned darts (quivered)
 c - 3 curare-tipped darts
Armour
 d - a +3 tower shield (worn)
Jewellery
 k - an amulet of reflection (around mantle)
Wands
 e - a wand of paralysis (14)
Scrolls
 h - a scroll of enchant weapon


   Skills:
 + Level 2.7 Fighting
 + Level 2.6 Short Blades
 + Level 2.7 Throwing
 + Level 1.9 Dodging
 + Level 6.0 Stealth
 + Level 1.0 Shields
 + Level 0.1 Evocations


You had 3 spell levels left.
You didn't know any spells.
Your spell library contained the following spells:

 Spells                   Type           Power      Damage    Failure   Level
 Freeze                   Ice            0%         1d3       99%         1
 Frozen Ramparts          Ice            0%         1d1       100%        3
 Hailstorm                Conj/Ice       0%         3d3       100%        4


Dungeon Overview and Level Annotations

Branches:
Dungeon (6/15)
 Temple: D:4-7

Altars:
Cheibriados


Innate Abilities, Weirdness & Mutations

You cannot wear most types of armour.
You are amphibious.
You can wear up to eight rings at the same time.
Your skin changes colour to match your surroundings (Stealth+).
Your rubbery body absorbs attacks. (AC +1, EV +1)
((You are camouflaged when in or above water. (Stealth+)))
You have tentacles for arms and can constrict up to eight enemies at once.


Message History

The hound bites you.
Found a snail-covered altar of Cheibriados.
You block the adder's attack.
A sky beast appears from thin air!
Reactivating autopickup.
The hound bites you.
* * * LOW HITPOINT WARNING * * *
The adder attacks as you move away! The adder bites you.
* * * LOW HITPOINT WARNING * * *
You are lethally poisoned!
The adder poisons you! The hound attacks as you move away!
You block the hound's attack.
* * * LOW HITPOINT WARNING * * *
You feel sick. You block the adder's attack.
You feel better. You block the hound's attack. You block the adder's attack.
The sky beast flickers out of sight!
Deactivating autopickup; reactivate with Ctrl-A.
The hound bites you.
* * * LOW HITPOINT WARNING * * *
You feel better. You block the adder's attack. The hound bites you.
* * * LOW HITPOINT WARNING * * *
You feel very mighty all of a sudden. The hound closely misses you.
You block the adder's attack.
A sky beast appears from thin air!
Reactivating autopickup.
You block the hound's attack. You block the adder's attack.
You hit the adder. You grab the adder.
The adder is moderately wounded.
You constrict the adder. The hound bites you.
* * * LOW HITPOINT WARNING * * *
You block the adder's attack.
Unknown command.
You puncture the adder!
You kill the adder!
You block the hound's attack. x3
Unknown command.
Okay, then.
You hit the sky beast. You squeeze the sky beast!
The sky beast is severely wounded.
The sky beast closely misses you. The hound bites you.
You die...

.Y..h......_.
#...§§.##.... .
#§§§§..#..... Y.#
##§§§........
#...#§§§§........
#...§§§§§§.......
#....§.§§Y.......
#.....?##Yh....##
......##.@.......
.....# ##........
....# #........
.... .#.......
#.. # #...... #.
...... ......
......


You could see an ice beast, a sky beast and a hound.

Vanquished Creatures
  3 adders
  A dart slug (D:1)
  An orc (D:6)
  4 ball pythons
  8 endoplasms
  3 giant cockroaches
  12 goblins
  7 hobgoblins
  2 jackals (D:1)
  6 kobolds
  6 quokkas
  7 bats
  4 frilled lizards
  8 rats
72 creatures vanquished.

Notes
Turn   | Place    | Note
-------+----------+-------------------------------------------
     0 | D:1      | qeuew the Octopode Brigand began the quest for the Orb.
     0 | D:1      | Reached XP level 1. HP: 14/14 MP: 1/1
    93 | D:1      | Reached XP level 2. HP: 7/19 MP: 2/2
   752 | D:2      | Reached XP level 3. HP: 24/24 MP: 3/3
  1398 | D:3      | Reached XP level 4. HP: 30/30 MP: 4/4
  2124 | D:3      | Reached skill level 1 in Shields
  2325 | D:4      | You fall into a shaft and drop 2 floors!
  2342 | D:6      | Noticed a sky beast
  2349 | D:6      | Reached skill level 6 in Stealth
  2364 | D:6      | Noticed a black bear
  2367 | D:5      | Entered Level 5 of the Dungeon
  2367 | D:5      | Noticed an ice beast
  2367 | D:5      | Noticed an ice beast
  2373 | D:5      | Found a snail-covered altar of Cheibriados.
  2378 | D:5      | HP: 1/30 [hound (3)]
  2380 | D:5      | Slain by a hound

Illustrated notes

Levels and vault maps discovered:
D:1:      dpeg_arrival_arbitrary_b, layout_rooms
D:2:      layout_loops_cross, minmay_goblin_outpost
D:3:      layout_basic
D:4:      layout_rooms, uniq_crazy_yiuf_cottage
D:5:      layout_cave_pools, grunt_temple_overflow_open,
          minmay_misc_feat_more_columns, uniq_edmund
D:6:      layout_cave_pools, minmay_holes, dk_noncrumbling_2,
          minmay_manual_monstrance

Skill      XL: |  1  2  3  4 |
---------------+-------------+-----
Shields        | 1 |  1.0
Stealth        | 6 |  6.0
Fighting       | |  2.7
Short Blades   | |  2.6
Throwing       | |  2.7
Dodging        | |  1.9
Evocations     | |  0.1

Action                   |  1- 3 |  4- 6 || total
-------------------------+-------+-------++-------
Melee: Dagger            |    68 |    40 ||   108
       Constrict         |    12 |     5 ||    17
       Tentacles         |    13 |     5 ||    18
       Punch             |     1 |       ||     1
Throw: Dart              |     1 |       ||     1
  Use: Scroll            |     7 |     4 ||    11
       Potion            |     4 |     3 ||     7
 Stab: Sleeping          |    15 |     9 ||    24
       Distracted        |     2 |       ||     2
Armor: Skin              |     7 |       ||     7
Dodge: Dodged            |    30 |    10 ||    40
Block: Tower shield      |    29 |    37 ||    66
